 Dungeon Crawl Stone Soup version 0.27-a0-1123-g2f9bb313c0 (webtiles) character file.

Game seed: 12511796318967842851

12659 Zeld the Thrower (level 11, -7/79 (82) HPs)
             Began as an Octopode Fighter on May 3, 2021.
             Was an Elder of Okawaru.
             Killed from afar by an acid dragon (16 damage)
             ... with a splash of acid
             ... on level 11 of the Dungeon.
             The game lasted 00:41:30 (19967 turns).

Zeld the Thrower (Octopode Fighter)                Turns: 19967, Time: 00:41:30

HP:   -7/79 (82)    AC: -1    Str: 19    XL:     11   Next: 96%
MP:   11/11         EV: 12    Int: 10    God:    Okawaru [****..]
Gold: 337           SH: 11    Dex: 12    Spells: 10/10 levels left

rFire    . . .     SeeInvis .   H - +4 hand axe
rCold    + . .     Faith    .   b - +0 kite shield
rNeg     . . .     Spirit   .   q - +2 hat {Will+}
rPois    +         Reflect  .   J - amulet of regeneration
rElec    .         Harm     .   n - ring of protection from cold
rCorr    .         Rampage  .   f - ring of poison resistance
Will     +....                  (no ring)
Stlth    ++........             (no ring)
HPRegen  1.23/turn              (no ring)
MPRegen  0.12/turn              (no ring)
                                (no ring)
                                (no ring)

@: corroded, lightly drained
A: almost no armour, amphibious, 8 rings, camouflage 1, gelatinous body 1,
(nimble swimmer 1), tentacles
a: Renounce Religion, Heroism


You were on level 11 of the Dungeon.
You worshipped Okawaru.
Okawaru was greatly pleased with you.
You visited 2 branches of the dungeon, and saw 12 of its levels.
You also visited: Sewer.

You collected 547 gold pieces.
You spent 210 gold pieces at shops.

Inventory:

Hand Weapons
 a - a +2 war axe
 H - a +4 hand axe (weapon)
Missiles
 h - 46 poisoned darts (quivered)
 z - 6 boomerangs
Armour
 b - a +0 kite shield (worn)
 q - a +2 hat of willpower (worn)
Jewellery
 f - a ring of poison resistance (right tentacle)
 n - a ring of protection from cold (left tentacle)
 J - an amulet of regeneration (around mantle)
Wands
 p - a wand of flame (15)
 r - a wand of charming (9)
 t - a wand of digging (1)
 y - a wand of polymorph (10)
 G - a wand of mindburst (9)
 I - a wand of paralysis (2)
Scrolls
 d - 2 scrolls of silence {unknown}
 g - a scroll of fog {unknown}
 k - a scroll of summoning
 m - 6 scrolls of teleportation
 o - 2 scrolls of magic mapping
 E - 2 scrolls of holy word
 L - 2 scrolls of blinking
Potions
 c - 4 potions of resistance
 i - 2 potions of brilliance
 j - a potion of berserk rage {unknown}
 l - 3 potions of ambrosia {unknown}
 u - 3 potions of mutation {unknown}
 w - 3 potions of curing
 x - a potion of magic {unknown}
 A - a potion of attraction {unknown}
 B - a potion of invisibility
 D - a potion of haste {unknown}
 F - 2 potions of flight {unknown}
 K - a potion of lignification {unknown}
Miscellaneous
 C - a piece from Xom's chessboard (15/15)


   Skills:
 + Level 10.5 Fighting
 * Level 7.5 Axes
 - Level 12.0 Throwing
 - Level 3.0 Dodging
 * Level 7.9 Shields


You had 10 spell levels left.
You didn't know any spells.
Your spell library contained the following spells:

 Spells                   Type           Power      Damage    Failure   Level
 Foxfire                  Conj/Fire      0%         2x1d4     67%         1
 Freeze                   Ice            0%         1d3       67%         1
 Magic Dart               Conj           0%         1d3       67%         1
 Searing Ray              Conj           0%         3d3       80%         2
 Conjure Flame            Conj/Fire      0%         6-21      95%         3
 Dazzling Flash           Conj/Hex       0%         N/A       95%         3
 Frozen Ramparts          Ice            0%         1d2       95%         3
 Inner Flame              Hex/Fire       0%         N/A       95%         3
 Ozocubu's Armour         Ice            0%         N/A       95%         3
 Fulminant Prism          Conj/Hex       0%         3d6       100%        4
 Hailstorm                Conj/Ice       0%         3d3       100%        4
 Iskenderun's Mystic Bla  Conj/Tloc      0%         2d3       100%        4
 Sticky Flame             Conj/Fire      0%         2d3       100%        4
 Fireball                 Conj/Fire      0%         3d3       100%        5
 Metabolic Englaciation   Hex/Ice        0%         N/A       100%        5


Dungeon Overview and Level Annotations

Branches:
Dungeon (11/15)            Temple (1/1) D:4            Lair (0/6) D:10
    Orc (0/2) D:9           Sewer (visited)

Altars:
Ashenzari
Cheibriados
Dithmenos
Elyvilon
Fedhas
Gozag
Hepliaklqana
Kikubaaqudgha
Makhleb
Nemelex Xobeh
Okawaru
Qazlal
Ru
Sif Muna
Trog
Uskayaw
Vehumet
Wu Jian
Xom
Yredelemnul
Zin
The Shining One

Shops:
D:5 [

Portals:
Abyss: D:3

Annotations:
D:3 2 transporters, Demosthentine's ghost, amateur MfGl


Innate Abilities, Weirdness & Mutations

You cannot wear most types of armour.
You are amphibious.
You can wear up to eight rings at the same time.
Your skin changes colour to match your surroundings (Stealth+).
Your rubbery body absorbs attacks. (AC +1, EV +1)
((You are camouflaged near water. (Stealth+)))
You have tentacles for arms and can constrict up to eight enemies at once.


Message History

Aim: a four-headed hydra (lightly wounded, 89% to hit)
The puff of flame hits the four-headed hydra.
The four-headed hydra is lightly wounded.
Unknown command.
Aiming: Throw Flame
Press: ? - help, Shift-Dir - straight line, f/p - four-headed hydra
Aim: a four-headed hydra (lightly wounded, 89% to hit)
The puff of flame hits the four-headed hydra.
The four-headed hydra is moderately wounded.
The orc wizard shouts!
Unknown command.
A shadow comes into view.
Found a red potion.
You see here a red potion.
The four-headed hydra closely misses you.
The four-headed hydra bites you! x2
The four-headed hydra bites you but does no damage.
Found 8 stones.
Found two stone staircases leading down.
The orc shouts!
The shadow slips into darkness.
The shadow flickers and vanishes!
Deactivating autopickup; reactivate with Ctrl-A.
Found 16 stones.
As you read the scroll of fear, it crumbles to dust.
You assume a fearsome visage.
The orc looks frightened! x2
The four-headed hydra easily resists.
The four-headed hydra bites you! x2
The four-headed hydra misses you. The four-headed hydra bites you.
An acid dragon comes into view.
Blink to where?
Press: ? - help, Dir - move target, p - four-headed hydra
As you read the scroll of blinking, it crumbles to dust.
The acid dragon spits acid at you. The splash of acid hits you!
* * * LOW HITPOINT WARNING * * *
The acid corrodes you!
You are splashed with acid!
* * * LOW HITPOINT WARNING * * *
The acid dragon spits acid at you. The splash of acid hits you!
You die...

.... #.. ##.. ...###
.#.# .... ####...#
########.... ....
##...#.### #.........#
....
........?####..........
....
.................(....
....
.......###.o......##
.... .......#
#.........##### ....
.....!## #......@.......
....
##.....###..............
..).
######o....D............
....
#..>..###..o..........#
....
.....#......###..D......
....
...>.#####..............
.... ...........##.#
..(. .#.#........ .. ...
. .#...#


You could see a four-headed hydra, an acid dragon (catching breath) and 2 orcs.

Vanquished Creatures
  Harold (D:9)
  2 two-headed ogres
  A deep elf pyromancer (D:10)
  A cyclops (D:8)
  Maurice (D:9)
  A gargoyle (D:9)
  3 trolls
  Grinder (D:3)
  A wraith (D:10)
  Sigmund (D:3)
  A vampire (D:10)
  A shadow (D:10)
  A wyvern (D:9)
  5 yaks
  Eustachio (D:5)
  A warg (D:9)
  2 vampire mosquitoes (D:10)
  Menkaure (D:4)
  2 water moccasins
  3 black bears
  4 ice beasts
  5 orc warriors
  3 necrophages (D:7)
  3 sky beasts (D:6)
  3 ogres
  2 wolves (D:10)
  2 centaurs (D:9)
  2 phantoms
  5 kobold brigands
  3 bullfrogs
  A gnoll sergeant (D:7)
  3 scorpions (D:5)
  A wyvern zombie (D:5)
  A water moccasin skeleton (D:5)
  6 killer bees (D:9)
  5 howler monkeys
  5 wights (D:8)
  4 electric eels (D:10)
  A bullfrog zombie (D:7)
  5 centaur zombies
  4 orc priests
  9 hounds
  3 bullfrog skeletons
  3 jellies
  Jessica (D:3)
  An iguana (D:4)
  Ijyb (D:4)
  4 orc wizards
  Natasha (thrice) (D:3)
  A hound zombie (D:5)
  A howler monkey zombie (D:3)
  13 gnolls
  A river rat (Sewer)
  11 adders
  2 shadow imps
  3 white imps
  An ufetubus (D:5)
  7 worms
  5 dart slugs
  21 orcs
  9 endoplasms
  4 giant cockroaches
  6 goblins
  6 hobgoblins
  3 jackals (D:4)
  23 kobolds
  3 quokkas
  8 ball pythons
  6 bats
  A frilled lizard (D:2)
  10 rats
269 creatures vanquished.

Notes
Turn   | Place    | Note
-------+----------+-------------------------------------------
     0 | D:1      | Zeld the Octopode Fighter began the quest for the Orb.
     0 | D:1      | Reached XP level 1. HP: 16/16 MP: 1/1
   291 | D:1      | Reached XP level 2. HP: 15/21 MP: 2/2
   420 | D:1      | Reached skill level 1 in Throwing
   547 | D:1      | Found a faded altar of an unknown god.
  1014 | D:2      | Reached XP level 3. HP: 22/26 MP: 3/3
  1035 | D:3      | Noticed Demosthentine's ghost (amateur MfGl)
  1035 | D:3      | Noticed an ancient zyme
  1272 | D:2      | Reached skill level 2 in Throwing
  1274 | D:2      | HP: 1/26 [gnoll/+0 spear (2)]
  1989 | D:2      | Reached XP level 4. HP: 17/33 MP: 4/4
  2558 | D:3      | Noticed Sigmund
  2565 | D:3      | Killed Sigmund
  2566 | D:3      | Reached skill level 4 in Throwing
  2566 | D:3      | Reached XP level 5. HP: 25/38 MP: 5/5
  2566 | D:3      | Reached XP level 6. HP: 28/44 MP: 6/6
  2707 | D:3      | Found a transporter.
  2715 | D:3      | Found a glowing silver altar of Zin.
  2717 | D:3      | Noticed Natasha
  2719 | D:3      | Killed Natasha
  2781 | D:3      | Noticed Jessica
  2787 | D:3      | Killed Jessica
  2977 | D:3      | Reached skill level 5 in Throwing
  3496 | D:3      | Found a transporter.
  3500 | D:3      | Noticed Natasha
  3506 | D:3      | Killed Natasha
  3547 | D:3      | Found a one-way gate to the infinite horrors of the Abyss.
  3700 | D:3      | Noticed Grinder
  3701 | D:3      | Paralysed by Grinder for 6 turns
  3710 | D:3      | Killed Grinder
  3711 | D:3      | Reached skill level 5 in Fighting
  3711 | D:3      | Reached skill level 6 in Throwing
  3711 | D:3      | Reached XP level 7. HP: 37/50 MP: 7/7
  3744 | D:3      | Noticed Natasha
  3752 | D:3      | Killed Natasha
  4086 | D:4      | Found a glowing drain.
  4148 | Sewer    | Entered a sewer
  4981 | Sewer    | Reached XP level 8. HP: 57/57 MP: 8/8
  5090 | Sewer    | Reached skill level 7 in Throwing
  5583 | D:4      | Noticed Ijyb
  5589 | D:4      | Killed Ijyb
  5693 | D:4      | Found a sparkling altar of Nemelex Xobeh.
  5809 | D:4      | Noticed Menkaure
  5824 | D:4      | Killed Menkaure
  5904 | D:4      | Reached skill level 8 in Throwing
  6441 | D:4      | Found a staircase to the Ecumenical Temple.
  6446 | D:4      | Noticed Eustachio
  6462 | D:5      | Entered Level 5 of the Dungeon
  6467 | D:5      | Killed Eustachio
  6768 | Temple   | Entered the Ecumenical Temple
  6871 | Temple   | Became a worshipper of Warmaster Okawaru
  7019 | D:4      | Found a shimmering altar of Xom.
  7431 | D:5      | Reached skill level 9 in Throwing
  7431 | D:5      | Reached XP level 9. HP: 18/64 MP: 9/9
  7707 | D:5      | Noticed a two-headed ogre
  7746 | D:5      | Killed a two-headed ogre
  7746 | D:5      | Reached * piety under Okawaru
  7918 | D:5      | Reached skill level 10 in Throwing
  8254 | D:5      | Found an ornate altar of the Wu Jian Council.
  8296 | D:5      | Found a white marble altar of Elyvilon.
  8426 | D:5      | Found Suoraag's Armour Shop.
  8728 | D:5      | Found a basalt altar of Yredelemnul.
  9141 | D:6      | Reached ** piety under Okawaru
  9142 | D:6      | Reached skill level 11 in Throwing
  9142 | D:6      | Reached XP level 10. HP: 57/73 MP: 10/10
  9434 | D:6      | Found a stormy altar of Qazlal.
  9436 | D:6      | Found a sacrificial altar of Ru.
  9436 | D:6      | Found a shadowy altar of Dithmenos.
 11182 | D:5      | Bought a +2 hat of willpower for 210 gold pieces
 11571 | D:8      | Reached skill level 12 in Throwing
 11635 | D:8      | Noticed a cyclops
 11647 | D:8      | Killed a cyclops
 11647 | D:8      | Reached *** piety under Okawaru
 11837 | D:8      | Found a glowing golden altar of the Shining One.
 12775 | D:8      | Received a gift from Okawaru
 13286 | D:9      | Noticed Maurice
 13292 | D:9      | Killed Maurice
 13503 | D:9      | Found a staircase to the Orcish Mines.
 13920 | D:9      | Reached skill level 5 in Shields
 13920 | D:9      | Reached XP level 11. HP: 58/81 MP: 7/11
 14283 | D:9      | Found a radiant altar of Vehumet.
 14299 | D:9      | Noticed Harold
 14718 | D:9      | HP: 2/81 [Harold/+0 halberd (10)]
 14719 | D:9      | Killed Harold
 14720 | D:9      | Reached skill level 5 in Axes
 15053 | D:8      | HP: 3/81 [yak (14)]
 15531 | D:9      | Reached skill level 10 in Fighting
 15558 | D:9      | Reached **** piety under Okawaru
 16826 | D:10     | Entered Level 10 of the Dungeon
 17479 | D:10     | Received a gift from Okawaru
 17483 | D:10     | Found a staircase to the Lair.
 18029 | D:10     | Noticed a two-headed ogre
 18063 | D:10     | Killed a two-headed ogre
 18882 | D:10     | Found an opulent altar of Gozag.
 19357 | D:10     | Noticed a deep elf pyromancer
 19369 | D:10     | Killed a deep elf pyromancer
 19497 | D:11     | Noticed a manticore
 19639 | D:11     | Noticed a boulder beetle
 19737 | D:11     | Noticed a cyclops
 19941 | D:11     | Noticed a four-headed hydra
 19967 | D:11     | Killed from afar by an acid dragon

Illustrated notes

Levels and vault maps discovered:
D:1:      lemuel_arrival_cross, layout_loops_ring,
          hellmonk_ecumenical_altar_pennies_from_heaven
D:2:      wander_river, layout_loops_ring, amcnicky_mini_rare_corridor_liquid,
          minmay_tall_x
D:3:      layout_loops_ring, zin_statuary, gammafunk_ghost_abyssal_escape,
          minmay_misc_feat_room, uniq_sigmund, uniq_jessica, uniq_natasha,
          uniq_grinder
D:4:      layout_layer_cave, xom_butterflies, lemuel_round_altar,
          minmay_temple_entry_mist, portal_sewer_entry_a, uniq_eustachio,
          uniq_menkaure, uniq_ijyb
D:5:      layout_basic, kennysheep_ying_yang, kennysheep_mini, serial_shops,
          shop
D:6:      layout_rooms, chequers_temple_overflow_statue_of_worship
D:7:      layout_basic
D:8:      layout_layer_cave, tso_metal_star
D:9:      layout_rooms, kennysheep_mini_moat, david_orc_1_choice, uniq_maurice,
          uniq_harold
D:10:     layout_basic, lemuel_crystal_altar, erik_lair_island
D:11:     layout_rooms, hangedman_weighted_door
Temple:   eino_wide_crystal_templ

Skill      XL: |  1  2  3  4  5  6  7  8  9 10 11 |
---------------+----------------------------------+-----
Throwing       | 1 2 4 6 9 11 12 | 12.0
Fighting       | 4 5 7 8 9 10 | 10.5
Axes           | 4 7 |  7.5
Shields        | 5 7 |  7.9
Dodging        | |  3.0

Action                   |  1- 3 |  4- 6 |  7- 9 | 10-12 || total
-------------------------+-------+-------+-------+-------++-------
Melee: War axe           |    56 |    28 |   121 |   217 ||   422
       Constrict         |    11 |    10 |    29 |    37 ||    87
       Tentacles         |     6 |    10 |    22 |    65 ||   103
       Punch             |       |       |       |     3 ||     3
       Hand axe          |       |       |       |    97 ||    97
Throw: Boomerang         |       |    41 |   180 |    86 ||   307
       Dart              |       |       |     7 |    40 ||    47
Invok: Heroism           |       |       |       |    12 ||    12
Evoke: Wand              |       |       |     1 |    26 ||    27
  Use: Potion            |       |     1 |     2 |     6 ||     9
       Scroll            |       |       |     7 |    13 ||    20
 Stab: Sleeping          |    11 |     1 |     1 |       ||    13
       Fleeing           |       |       |       |     1 ||     1
Armor: Skin              |     4 |     4 |    15 |    47 ||    70
Dodge: Dodged            |    18 |     7 |    44 |   173 ||   242
Block: Kite shield       |    19 |     8 |    52 |   205 ||   284

Table legend: (Time is in decaauts)
 A = Elapsed time spent in this place.
 B = Non-inter-level travel time spent in this place.
 C = Inter-level travel time spent in this place.
 D = Time resting spent in this place.
 E = Time spent auto-exploring this place.
 F = Levels seen in this place.
 G = Mean time per level.
                   A        B        C        D        E       F      G
               +--------+--------+--------+--------+--------+-----+--------+
         Total |  20265 |  19670 |    595 |   5397 |  11452 |  13 | 1558.8 |
       Dungeon |  19034 |  18456 |    578 |   4967 |  10849 |  11 | 1730.4 |
        Temple |    122 |    105 |     17 |      0 |     84 |   1 |  122.0 |
         Sewer |   1108 |   1108 |      0 |    430 |    519 |   1 | 1108.0 |
               +--------+--------+--------+--------+--------+-----+--------+

Top non-repeatable levels by time:
     D:9: 3068 daAuts
    D:10: 2747 daAuts
     D:8: 2652 daAuts
     D:5: 1778 daAuts
     D:3: 1674 daAuts
     D:4: 1605 daAuts
     D:7: 1545 daAuts
     D:1: 1406 daAuts
     D:2: 1276 daAuts
     D:6: 1213 daAuts
   Sewer: 1108 daAuts
  Temple: 122 daAuts
    D:11: 66 daAuts
